AoeStats
← Green Assassin

African Clearing

506505532Analyzed
4v4 RM · 17d ago on Sep 13, 2026· 65m 14s· 8 players
Game mode
Random Map
Map size
Large (8 player)
Population
200
Speed
Normal
Resources
Standard
Victory
Conquest
Starting age
Dark Age
Ending age
Imperial Age
RankedLock teamsTeams togetherTeam positionsShared explorationLock speedFull tech treeHidden civsTurbo modeCheats
Victory
Defeat
🇧🇷 Magyars · Brazil
1333
+8
🇧🇷 Persians · Brazil
1211
+12
🇲🇽 Poles · Mexico
1055
+19
🇧🇷 Franks · Brazil
738
+29
🇩🇪 Hindustanis · Germany
1135
-17
🇩🇪 Japanese · Germany
1125
-18
🇺🇸 Aztecs · United States
1100
-17
🇬🇧 Tatars · United Kingdom
1074
-16
Infekma
9:26 Loom
15:23 Feudal Age
16:38 Double-Bit Axe
16:38 Horse Collar
19:36 Castle Age
19:56 Wheelbarrow
21:43 Bow Saw
24:51 Hand Cart
24:24 Town Watch
28:58 Fletching
29:31 Padded Archer Armor
29:38 Padded Archer Armor
29:31 Gold Mining
30:10 Bodkin Arrow
30:54 Ballistics
31:25 Heavy Plow
32:50 Leather Archer Armor
34:05 Stone Mining
38:35 Imperial Age
38:55 Fortified Wall
39:15 Bracer
38:39 Heavy Cavalry Archer
40:11 Ring Archer Armor
39:04 Elite Skirmisher
40:46 Crop Rotation
41:47 Conscription
41:18 Elite Keshik
45:18 Onager
48:37 Siege Engineers
49:32 Chemistry
57:29 Elite Keshik
59:36 Forging
59:35 Scale Barding Armor
61:35 Iron Casting
61:22 Chain Barding Armor
62:46 Plate Barding Armor
Dejavu
4:19 Loom
5:34 Loom
14:57 Feudal Age
19:14 Castle Age
19:11 Forging
19:29 Scale Mail Armor
19:20 Arson
21:28 Horse Collar
23:32 Heavy Plow
25:04 Eagle Warrior
28:54 Iron Casting
33:26 Wheelbarrow
33:54 Pikeman
46:06 Fervor
46:44 Sanctity
46:41 Town Watch
PezMaza
3:12 Loom
10:56 Feudal Age
11:32 Town Watch
22:52 Castle Age
24:19 Pikeman
28:47 Wheelbarrow
28:18 Horse Collar
30:50 Scale Mail Armor
38:15 Hand Cart
38:00 Town Patrol
43:22 Imperial Age
41:54 Squires
41:40 Arson
45:49 Imperial Age
44:38 Forging
44:46 Chain Mail Armor
46:29 Iron Casting
46:11 Fletching
46:21 Padded Archer Armor
48:17 Conscription
54:37 Double-Bit Axe
57:14 Heavy Plow
58:01 Bloodlines
58:28 Husbandry
61:45 Scale Barding Armor
62:11 Heavy Camel Rider
65:42 Blast Furnace
65:52 Chain Barding Armor
Green Assassin
3:28 Loom
13:49 Feudal Age
14:57 Double-Bit Axe
17:31 Fishing Lines
22:08 Castle Age
23:04 Wheelbarrow
22:20 Pikeman
23:53 Bow Saw
25:02 Gillnets
26:29 Scale Mail Armor
29:27 Chain Mail Armor
29:37 Ballistics
29:36 Squires
30:32 Forging
35:57 Imperial Age
33:57 Arson
34:59 Iron Casting
34:36 Yasama
34:29 Guard Tower
36:09 Capped Ram
36:19 Halberdier
38:06 Plate Mail Armor
38:36 Blast Furnace
37:26 Fletching
38:40 Chemistry
37:09 Elite Skirmisher
38:28 Padded Archer Armor
39:18 Keep
38:35 Arrowslits
39:51 Thumb Ring
39:59 Gold Mining
40:01 Stone Mining
41:07 Conscription
42:03 Hand Cart
41:56 Bodkin Arrow
42:17 Leather Archer Armor
43:40 Bracer
46:15 Ring Archer Armor
47:31 Hoardings
49:52 Gold Shaft Mining
49:58 Elite Samurai
50:21 Elite Samurai
52:45 Caravan
59:24 Two-Man Saw
60:07 Fortified Wall
61:15 Kataparuto
61:40 Siege Engineers
63:15 Masonry
kazama.johannes
4:28 Loom
14:42 Feudal Age
15:13 Horse Collar
15:18 Double-Bit Axe
22:14 Castle Age
21:31 Wheelbarrow
23:10 Heavy Plow
23:21 Bow Saw
25:58 Hand Cart
35:09 Imperial Age
32:46 Gold Mining
34:01 Forging
34:20 Szlachta Privileges
35:24 Iron Casting
34:55 Scale Barding Armor
36:20 Chain Barding Armor
36:25 Conscription
35:29 Cavalier
36:44 Crop Rotation
36:10 Stone Mining
37:53 Blast Furnace
37:09 Bloodlines
37:04 Husbandry
37:28 Bloodlines
37:20 Fletching
37:17 Town Watch
40:16 Stone Shaft Mining
45:45 Bodkin Arrow
52:05 Bracer
52:13 Town Patrol
Dunha
6:40 Loom
13:52 Feudal Age
17:39 Castle Age
16:22 Double-Bit Axe
16:19 Horse Collar
21:23 Wheelbarrow
24:32 Hand Cart
25:11 Bow Saw
25:02 Heavy Plow
30:58 Imperial Age
29:15 Scale Barding Armor
29:33 Fletching
29:43 Padded Archer Armor
30:47 Ballistics
30:31 Town Watch
30:43 Bodkin Arrow
31:24 Leather Archer Armor
32:16 Bracer
33:31 Ring Archer Armor
33:00 Gold Mining
34:11 Heavy Cavalry Archer
35:17 Parthian Tactics
37:33 Chemistry
40:42 Conscription
40:17 Stone Mining
41:03 Gold Shaft Mining
41:29 Two-Man Saw
41:00 Crop Rotation
42:40 Bloodlines
44:09 Corvinian Army
44:12 Recurve Bow
45:14 Chain Barding Armor
46:21 Elite Magyar Huszar
50:24 Plate Barding Armor
50:15 Husbandry
49:47 Light Cavalry
50:51 Hussar
51:32 Scale Mail Armor
53:29 Chain Mail Armor
Scofiield
3:34 Loom
12:38 Feudal Age
13:03 Double-Bit Axe
13:20 Horse Collar
16:14 Town Watch
18:30 Wheelbarrow
25:41 Castle Age
25:43 Scale Barding Armor
26:36 Bloodlines
29:00 Husbandry
50:48 Imperial Age
50:24 Cavalier
52:32 Chain Barding Armor
53:09 Forging
52:54 Gold Mining
56:46 Gold Shaft Mining
57:17 Plate Barding Armor
57:19 Iron Casting
57:03 Savar
60:15 Blast Furnace
[MCC] Bacteria-Am
3:54 Loom
14:54 Feudal Age
18:01 Double-Bit Axe
20:20 Castle Age
18:50 Scale Barding Armor
18:58 Forging
23:11 Bow Saw
23:37 Husbandry
24:00 Chain Barding Armor
23:36 Gold Mining
23:43 Stone Mining
24:45 Wheelbarrow
29:19 Iron Casting
31:57 Hand Cart
33:37 Town Watch
42:37 Imperial Age
42:06 Gold Shaft Mining
41:36 Town Patrol
45:14 Plate Barding Armor
45:40 Blast Furnace
44:04 Cavalier
46:27 Chemistry
45:38 Fortified Wall
45:24 Murder Holes
46:11 Chivalry
46:30 Paladin
61:26 #83
60:27 Elite Throwing Axeman
61:11 Padded Archer Armor
61:02 Fletching
62:21 Leather Archer Armor
65:04 Bodkin Arrow
Connection lost

Rejoining the realm…

Still unreachable

The connection could not be restored.

Session expired

The server has moved on; the page needs a fresh start.